 Dungeon Crawl Stone Soup version 0.21.1-1-g345015f (webtiles) character file.

1432 shakethe the Cleaver (level 9, -2/64 HPs)
             Began as a Formicid Fighter on Feb 7, 2018.
             Slain by a killer bee (4 damage)
             ... on level 5 of the Dungeon.
             The game lasted 00:09:16 (5710 turns).

shakethe the Cleaver (Formicid Fighter)             Turns: 5710, Time: 00:09:18

Health: -2/64      AC: 13    Str: 26    XL:     9   Next: 3%
Magic:  9/9        EV:  6    Int:  8    God:
Gold:   200        SH: 12    Dex: 13    Spells: 8/8 levels left

rFire    . . .     SeeInvis +   a - +0 war axe
rCold    . . .     Gourm    .   c - +0 shield
rNeg     . . .     Faith    .   m - +0 plate armour
rPois    .         Spirit   .   (helmet unavailable)
rElec    .         Reflect  .   C - +1 cloak
rCorr    .         Harm     .   (no gloves)
MR       .....                  (no boots)
Stlth    ..........             (no amulet)
HPRegen  0.20/turn              (no ring)
MPRegen  0.11/turn              (no ring)

@: mighty
A: permanent stasis, dig shafts and tunnels, four strong arms, antennae 3
a: Dig, Shaft Self


You were on level 5 of the Dungeon.
You were near starving.

You visited 1 branch of the dungeon, and saw 6 of its levels.

You collected 200 gold pieces.

Inventory:

Hand Weapons
 a - a +0 war axe (weapon)
Armour
 b - a +0 scale mail
 c - a +0 shield (worn)
 m - a +0 plate armour (worn)
 q - a +0 cloak
 C - a +1 cloak (worn)
Magical Staves
 u - an uncursed staff of summoning {unknown}
Jewellery
 A - a +3 ring of intelligence
Wands
 r - a wand of acid (6)
 x - a wand of iceblast (3)
 z - a wand of scattershot (8)
Scrolls
 e - 4 scrolls of remove curse
 g - 2 scrolls of enchant armour {unknown}
 j - 4 scrolls of fog {unknown}
 l - 2 scrolls of magic mapping {unknown}
 n - 5 scrolls of identify {unknown}
 o - a scroll of blinking {unknown}
 v - 2 scrolls of amnesia {unknown}
 w - a scroll of teleportation {unknown}
Potions
 h - 4 potions of curing {unknown}
 i - 3 potions of ambrosia {unknown}
 k - a potion of resistance {unknown}
 p - a potion of mutation {unknown}
 s - 2 potions of heal wounds {unknown}
 t - a potion of agility {unknown}
Books
 y - a book of Maledictions

   Spells                             Type                      Level
   a - Corona                         Hexes                        1
   b - Ensorcelled Hibernation        Hexes/Ice                    2
   c - Confuse                        Hexes                        3
   d - Tukima's Dance                 Hexes                        3
   e - Dazzling Spray                 Conjuration/Hexes            3
Comestibles
 f - 5 rations


   Skills:
 - Level 3.2 Fighting
 * Level 8.8 Axes
 - Level 3.2 Armour
 + Level 8.1 Shields


You had 8 spell levels left.
You didn't know any spells.

Dungeon Overview and Level Annotations

Branches:
Dungeon (6/15)
 Temple: D:4-7

Altars:

Shops:
D:4 *   D:6 %


Innate Abilities, Weirdness & Mutations

You cannot be hasted, slowed, berserked, paralysed or teleported.
You can dig through walls and to a lower floor.
Your four strong arms can wield two-handed weapons with a shield.
You have a pair of large antennae on your head. (SInv)


Message History

The iguana barely misses you.
You are near starving!
The killer bee stings you but does no damage.
The killer bee stings you but does no damage.
There is a stone staircase leading up here.
You block the killer bee's attack. x2
The iguana bites you but does no damage.
You climb upwards.
There is a stone staircase leading down here.
You feel very mighty all of a sudden.
The killer bee stings you but does no damage. x2
The iguana bites you.
* * * LOW HITPOINT WARNING * * *
You barely miss the killer bee. You slash the iguana!
You block the killer bee's attack. The killer bee stings you.
* * * LOW HITPOINT WARNING * * *
The iguana bites you.
* * * LOW HITPOINT WARNING * * *
The killer bee stings you.
You die...

######.# #.###..##.#
.......# ##.###.#..#
######## ##.##..#.#
##.#.##.# ##..##.#
##.##.# ##### #.##.#
....############l##[#
###<...........y@##.#
#################.#
#.# #.#
############### #.#
#.............#####.#
#.###########.....).#
..# ######### ###


You could see an iguana and a killer bee.

Vanquished Creatures
  The ghost of shakethe the Shield-Bearer, an amateur FoFi (D:4)
  Grinder (D:6)
  A hungry ghost (D:6)
  A centaur (D:5)
  2 ogres (D:6)
  2 killer bees (D:6)
  A scorpion (D:6)
  A howler monkey (D:6)
  A bullfrog skeleton (D:4)
  5 hounds
  Crazy Yiuf (D:5)
  A centaur skeleton (D:4)
  An iguana (D:4)
  Natasha (thrice) (D:2)
  3 worker ants
  An adder (D:2)
  A shadow imp (D:6)
  6 worms
  2 orcs (D:3)
  6 bats
  2 giant cockroaches (D:1)
  9 goblins
  2 hobgoblins
  6 jackals
  2 ball pythons
  6 frilled lizards
  3 kobolds
  A leopard gecko skeleton (D:4)
  A quokka skeleton (D:5)
  9 rats
  A bush (D:4)
  A plant (D:4)
84 creatures vanquished.

Notes
Turn   | Place    | Note
-------+----------+-------------------------------------------
     0 | D:1      | shakethe the Formicid Fighter began the quest for the Orb.
     0 | D:1      | Reached XP level 1. HP: 18/18 MP: 1/1
    92 | D:1      | Reached XP level 2. HP: 21/24 MP: 2/2
   636 | D:2      | Reached XP level 3. HP: 24/29 MP: 3/3
   700 | D:2      | Found a faded altar of an unknown god.
   980 | D:2      | Noticed Natasha
   986 | D:2      | Killed Natasha
   986 | D:2      | Reached XP level 4. HP: 25/35 MP: 4/4
  1026 | D:2      | Noticed Natasha
  1034 | D:2      | Killed Natasha
  1034 | D:2      | Reached XP level 5. HP: 20/41 MP: 5/5
  1361 | D:2      | Noticed Natasha
  1366 | D:2      | Killed Natasha
  3236 | D:4      | Reached skill level 5 in Shields
  3512 | D:4      | Reached XP level 6. HP: 47/47 MP: 6/6
  3518 | D:4      | Reached skill level 5 in Axes
  3546 | D:4      | Noticed shakethe's ghost (amateur FoFi)
  3561 | D:4      | Killed shakethe's ghost
  3561 | D:4      | Reached XP level 7. HP: 37/52 MP: 7/7
  3571 | D:4      | Found Vociysac's Assorted Antiques.
  4428 | D:5      | Entered Level 5 of the Dungeon
  4936 | D:5      | Found a runed door.
  5078 | D:5      | Reached XP level 8. HP: 47/58 MP: 8/8
  5160 | D:5      | Noticed Crazy Yiuf
  5167 | D:5      | Killed Crazy Yiuf
  5394 | D:6      | Found Ningaism's Food Emporium.
  5454 | D:6      | Noticed Grinder
  5488 | D:6      | Killed Grinder
  5636 | D:6      | Reached XP level 9. HP: 64/64 MP: 9/9
  5710 | D:5      | HP: 2/64 [iguana (2)]
  5710 | D:5      | Slain by a killer bee

Skill      XL: |  1  2  3  4  5  6  7  8 |
---------------+-------------------------+-----
Shields        | 4 5 6 8 |  8.1
Axes           | 3 4 6 7 8 |  8.8
Fighting       | |  3.2
Armour         | |  3.2

Action                   |  1- 3 |  4- 6 |  7- 9 || total
-------------------------+-------+-------+-------++-------
Melee: War axe           |    83 |   162 |   169 ||   414
  Use: Scroll            |       |     1 |       ||     1
       Potion            |       |       |     2 ||     2
  Eat: Chunk             |       |     3 |     7 ||    10
       Ration            |       |     2 |       ||     2
Armor: Scale mail        |    23 |     3 |       ||    26
       Plate armour      |       |    44 |    70 ||   114
Dodge: Dodged            |    26 |    30 |    29 ||    85
Block: Shield            |    54 |    49 |    87 ||   190
